 Dungeon Crawl Stone Soup version 0.30.1-11-g7821555f0a (webtiles) character file.

Game seed: 864798020716868400

343 Unglued128 the Chiller (level 6, -1/47 HPs)
             Began as a Gnoll Wanderer on Nov 1, 2023.
             Slain by a mummy (17 damage)
             ... in an ossuary.
             The game lasted 00:33:11 (4057 turns).

Unglued128 the Chiller (Gnoll Wanderer)             Turns: 4057, Time: 00:33:11

Health: -1/47      AC:  4    Str: 11    XL:     6   Next: 57%
Magic:  11/11      EV: 13    Int: 15    God:
Gold:   165        SH:  0    Dex: 20    Spells: 11/12 levels left

rFire   . . .        m - staff of death "Xoasif" {rN+ Str+2 Dex+2}
rCold   . . .        (no shield)
rNeg    + . .        c - +0 robe
rPois   +            d - +0 helmet
rElec   .            (no cloak)
rCorr   .            e - +0 pair of gloves
SInv    .            (no boots)
Will    .....        (no amulet)
Stlth   +            j - ring of poison resistance
HPRegen 0.27/turn    p - +6 ring of dexterity
MPRegen 0.12/turn

%: no passive effects
@: confused, ambrosia-drunk
A: fangs 1, strong nose, distributed training
a: no special abilities


You were in an ossuary.
You visited 1 branch of the dungeon, and saw 4 of its levels.
You also visited: Ossuary.

You collected 165 gold pieces.

Inventory:

Hand Weapons
 a - a +0 dagger
 k - a +4 short sword
Armour
 c - a +0 robe (worn)
 d - a +0 helmet (worn)
 e - a +0 pair of gloves (worn)
Magical Staves
 m - the staff of death "Xoasif" (weapon) {rN+ Str+2 Dex+2}
   (You found it on level 3 of the Dungeon)

   [staff of death]

   Base accuracy: +5 Base damage: 5 Base attack delay: 1.2 This weapon's minimum
   attack delay (0.6) is reached at skill level 12.
   Str:       It affects your strength (+2).
   Dex:       It affects your dexterity (+2).
   rN:        It protects you from negative energy.
   It falls into the 'Staves' category.
   It is a one-handed weapon.
 n - a staff of conjuration
Jewellery
 j - a ring of poison resistance (left hand)
 p - a +6 ring of dexterity (right hand)
 r - a +6 ring of dexterity
Scrolls
 s - a scroll of noise {unknown}
 u - 2 scrolls of blinking {unknown}
Potions
 b - a potion of haste
 f - a potion of lignification
 g - 2 potions of curing
 h - a potion of invisibility {unknown}
 i - a potion of flight
 o - a potion of might


   Skills:
 + Level 3.3 Fighting
 + Level 2.1 Short Blades
 + Level 2.1 Long Blades
 + Level 2.1 Axes
 + Level 2.1 Maces & Flails
 + Level 2.1 Polearms
 + Level 2.1 Staves
 + Level 2.1 Ranged Weapons
 + Level 2.1 Throwing
 + Level 3.3 Armour
 + Level 2.1 Dodging
 + Level 4.7 Stealth
 + Level 2.1 Shields
 + Level 2.1 Unarmed Combat
 + Level 3.5 Spellcasting
 + Level 1.6 Conjurations
 + Level 1.6 Hexes
 + Level 1.6 Summonings
 + Level 1.6 Necromancy
 + Level 1.6 Translocations
 + Level 1.6 Transmutations
 + Level 1.6 Fire Magic
 + Level 5.7 Ice Magic
 + Level 1.6 Air Magic
 + Level 1.6 Earth Magic
 + Level 4.1 Poison Magic
 + Level 2.3 Invocations
 + Level 2.1 Evocations


You had 11 spell levels left.
You knew the following spells:

 Your Spells              Type           Power      Damage    Failure   Level
a - Freeze                Ice            76%        1d8       1%          1

Your spell library contained the following spells:

 Spells                   Type           Power      Damage    Failure   Level
 Frozen Ramparts          Ice            38%        1d6       5%          3
 Ensorcelled Hibernation  Hex/Ice        26%        N/A       6%          2
 Poisonous Vapours        Pois/Air       22%        N/A       9%          2
 Cigotuvi's Dreadful Rot  Necr/Pois/Air  30%        N/A       11%         2
 Hailstorm                Conj/Ice       13%        3d5       12%         3
 Lesser Beckoning         Tloc           14%        N/A       14%         2
 Gell's Gravitas          Tloc           7%         N/A       28%         3
 Teleport Other           Tloc           7%         N/A       28%         3
 Ice Form                 Ice/Tmut       13%        N/A       38%         4
 Simulacrum               Ice/Necr       10%        N/A       99%         6


Dungeon Overview and Level Annotations

Branches:
Dungeon (4/15)            Ossuary (1/1)
 Temple: D:4-7

Altars:

Shops:
D:2 [   D:4 =

Annotations:
D:4 Ijyb


Innate Abilities, Weirdness & Mutations

You have very sharp teeth.
Your uncanny sense of smell can sniff out nearby items.
Your experience applies equally to all skills.


Message History

The mummy is lightly damaged.
The mummy closely misses you.
You hit the mummy.
The mummy is lightly damaged.
The mummy closely misses you.
You hit the mummy but do no damage.
The mummy is lightly damaged.
You hit the mummy but do no damage. You bite the mummy, but do no damage.
The mummy is lightly damaged.
The mummy barely misses you.
You hit the mummy.
The mummy is moderately damaged.
You hit the mummy but do no damage.
The mummy is moderately damaged.
The mummy hits you!
You hit the mummy.
The mummy is moderately damaged.
The mummy closely misses you.
You barely miss the mummy.
The mummy is moderately damaged.
You barely miss the mummy. You bite the mummy, but do no damage.
The mummy is moderately damaged.
The mummy barely misses you.
You barely miss the mummy. You bite the mummy, but do no damage.
The mummy is moderately damaged.
The mummy hits you.
You closely miss the mummy.
The mummy is moderately damaged.
You hit the mummy but do no damage.
The mummy is moderately damaged.
The mummy closely misses you.
You barely miss the mummy.
The mummy is moderately damaged.
The mummy hits you!
* * * LOW HITPOINT WARNING * * *
You barely miss the mummy.
The mummy is moderately damaged.
You are confused.
You feel invigorated. The mummy hits you!
You die...

######################
#....................#
#....................#
#......########......#
#...#### ∆∆+.####...#
#..## #.####....##..#
#..# +..........'..#
#..## #.####....##..#
#...#### #$M@.####...#
#......########......#
#....................#
#....................#
#......########......#
#...####...#..####...#
#..##......#...'.##..#
#..'..####.#####.∩#..#
#..##.#..#.......##..#


You could see a mummy.

Vanquished Creatures
  3 centaur zombies (Ossuary)
  A human zombie (Ossuary)
  3 hound zombies (Ossuary)
  2 mummies (Ossuary)
  5 adders
  2 worms (D:2)
  3 dart slugs
  14 endoplasms
  3 giant cockroaches
  7 hobgoblins
  6 jackals
  A quokka (D:1)
  3 ball pythons
  6 bats
  4 frilled lizards
  A gnoll zombie (Ossuary)
  8 goblins
  5 goblin zombies (Ossuary)
  3 hobgoblin zombies (Ossuary)
  7 jackal zombies (Ossuary)
  4 kobolds
  2 kobold zombies (Ossuary)
  3 quokka zombies (Ossuary)
  4 rats
  4 rat zombies (Ossuary)
104 creatures vanquished.

Notes
Turn   | Place    | Note
-------+----------+-------------------------------------------
     0 | D:1      | Unglued128 the Gnoll Wanderer began the quest for the Orb.
     0 | D:1      | Unglued128 set off with the following items: a +0 dagger, a
                  | scroll of teleportation, a +0 robe, a +0 helmet; and the
                  | following spell memorised: Freeze; and the following spells
                  | available to memorise: Frozen Ramparts, Ensorcelled
                  | Hibernation, Poisonous Vapours, Cigotuvi's Dreadful Rot.
     0 | D:1      | Reached XP level 1. HP: 17/17 MP: 4/4
   183 | D:1      | Reached XP level 2. HP: 23/23 MP: 2/5
   778 | D:1      | Reached XP level 3. HP: 23/28 MP: 1/7
  1035 | D:2      | Reached skill level 1 in Invocations
  1105 | D:2      | Reached skill level 1 in Short Blades
  1105 | D:2      | Reached skill level 1 in Long Blades
  1105 | D:2      | Reached skill level 1 in Axes
  1105 | D:2      | Reached skill level 1 in Maces & Flails
  1105 | D:2      | Reached skill level 1 in Polearms
  1105 | D:2      | Reached skill level 1 in Staves
  1105 | D:2      | Reached skill level 1 in Ranged Weapons
  1105 | D:2      | Reached skill level 1 in Throwing
  1105 | D:2      | Reached skill level 1 in Dodging
  1105 | D:2      | Reached skill level 1 in Shields
  1105 | D:2      | Reached skill level 1 in Unarmed Combat
  1105 | D:2      | Reached skill level 1 in Evocations
  1319 | D:2      | Found Sutuklie's Antique Armour Shoppe.
  1332 | D:2      | Reached XP level 4. HP: 34/34 MP: 1/8
  1694 | D:2      | Reached skill level 1 in Conjurations
  1694 | D:2      | Reached skill level 1 in Hexes
  1694 | D:2      | Reached skill level 1 in Summonings
  1694 | D:2      | Reached skill level 1 in Necromancy
  1694 | D:2      | Reached skill level 1 in Translocations
  1694 | D:2      | Reached skill level 1 in Transmutations
  1694 | D:2      | Reached skill level 1 in Fire Magic
  1694 | D:2      | Reached skill level 1 in Air Magic
  1694 | D:2      | Reached skill level 1 in Earth Magic
  2082 | D:3      | Identified the staff of death "Xoasif" {rN+ Str+2 Dex+2}
  2105 | D:3      | Noticed a scorpion
  2601 | D:4      | Reached XP level 5. HP: 35/40 MP: 9/9
  2618 | D:4      | Found Etotz's One-of-a-Kind Rings.
  2773 | D:4      | Noticed Ijyb
  2815 | D:4      | Found a sand-covered staircase.
  2819 | Ossuary  | Entered an ossuary
  3378 | Ossuary  | Reached XP level 6. HP: 26/47 MP: 11/11
  4057 | Ossuary  | Slain by a mummy

Illustrated notes

Levels and vault maps discovered:
D:1:      minmay_arrival_four_loops, layout_loops_ring,
          nicolae_figureground_pulse
D:2:      layout_basic, serial_shops, nicolae_shop_statue_plus
D:3:      layout_basic
D:4:      layout_cave_pods, enter_ossuary_5, nicolae_shop_unique_rings,
          uniq_ijyb
Ossuary:  minmay_ossuary_two_tombs

Skill      XL: |  1  2  3  4  5  6 |
---------------+-------------------+-----
Invocations    | 1 2 |  2.3
Short Blades   | 1 2 |  2.1
Long Blades    | 1 2 |  2.1
Axes           | 1 2 |  2.1
Maces & Flails | 1 2 |  2.1
Polearms       | 1 2 |  2.1
Staves         | 1 2 |  2.1
Ranged Weapons | 1 2 |  2.1
Throwing       | 1 2 |  2.1
Dodging        | 1 2 |  2.1
Shields        | 1 2 |  2.1
Unarmed Combat | 1 2 |  2.1
Evocations     | 1 2 |  2.1
Spellcasting   | 3 |  3.5
Conjurations   | 1 |  1.6
Hexes          | 1 |  1.6
Summonings     | 1 |  1.6
Necromancy     | 1 |  1.6
Translocations | 1 |  1.6
Transmutations | 1 |  1.6
Fire Magic     | 1 |  1.6
Air Magic      | 1 |  1.6
Earth Magic    | 1 |  1.6
Fighting       | 3 |  3.3
Armour         | 3 |  3.3
Poison Magic   | 4 |  4.1
Stealth        | |  4.7
Ice Magic      | |  5.7

Action                     |  1- 3 |  4- 6 || total
---------------------------+-------+-------++-------
  Melee: Dagger            |    15 |    20 ||    35
         Bite              |     3 |    57 ||    60
         Punch             |     1 |     8 ||     9
         Staff             |       |   309 ||   309
         Short sword       |       |     1 ||     1
         Unarmed           |       |    22 ||    22
   Cast: Freeze            |    42 |    43 ||    85
    Use: Scroll            |     2 |     9 ||    11
         Potion            |       |     6 ||     6
   Stab: Sleeping          |       |     4 ||     4
 Armour: Robe              |     3 |   155 ||   158
  Dodge: Dodged            |    14 |   313 ||   327
